 Dungeon Crawl Stone Soup version 0.21-a0-372-gd0ff781 (webtiles) character file.

14 4thArraOfDagon the Vexing (level 2, -1/18 HPs)
             Began as an Octopode Arcane Marksman on Oct 16, 2017.
             Slain by a hobgoblin
             ... wielding a +0 club
              (2 damage)
             ... on level 2 of the Dungeon.
             The game lasted 00:01:07 (174 turns).

4thArraOfDagon the Vexing (Octopode Arcane Marksman) Turns: 174, Time: 00:01:08

Health: -1/18      AC:  1    Str:  9    XL:     2   Next: 45%
Magic:  7/12       EV: 13    Int: 15    God:
Gold:   21         SH:  0    Dex: 12    Spells: 2/3 levels left

rFire    . . .     SeeInvis .   (no weapon)
rCold    . . .     Gourm    .   (no shield)
rNeg     . . .     Faith    .   (helmet restricted)
rPois    .         Spirit   .   (no amulet)
rElec    .         Reflect  .   j - ring of magical power
rCorr    .         Harm     .   (no ring)
MR       .....                  (no ring)
Stlth    ++........             (no ring)
HPRegen  0.06/turn              (no ring)
MPRegen  0.13/turn              (no ring)
                                (no ring)
                                (no ring)

@: no status effects
A: almost no armour, stealthy swim, amphibious, 8 rings, constrict 8, camouflage
1, gelatinous body 1
a: no special abilities


You were on level 2 of the Dungeon.
You were not hungry.

You visited 1 branch of the dungeon, and saw 3 of its levels.

You collected 21 gold pieces.

Inventory:

Missiles
 b - 5 javelins (quivered)
 c - 2 throwing nets
Jewellery
 j - a ring of magical power (left tentacle)
Scrolls
 e - a scroll of teleportation
 g - a scroll of immolation
 h - a scroll of magic mapping
Books
 a - a book of Debilitation

   Spells                             Type                      Level
   a - Corona                         Hexes                        1
   b - Slow                           Hexes                        2
   c - Inner Flame                    Hexes/Fire                   3
   d - Portal Projectile              Hexes/Translocation          3
   e - Cause Fear                     Hexes                        4
   f - Leda's Liquefaction            Hexes/Earth                  4
Comestibles
 d - a bread ration
 f - a royal jelly


   Skills:
 + Level 1.0 Fighting
 + Level 2.1 Throwing
 + Level 2.0 Dodging
 + Level 1.0 Spellcasting
 + Level 3.6 Hexes


You had 2 spell levels left.
You knew the following spells:

 Your Spells              Type           Power        Failure   Level  Hunger
a - Corona                Hex            ##.....      5%          1    ##.....


Dungeon Overview and Level Annotations

Branches:
Dungeon (3/15)

Altars:


Innate Abilities, Weirdness & Mutations

You cannot wear most types of armour.
You are very stealthy in the water. (Stealth+)
You are amphibious.
You can wear up to eight rings at the same time.
You can use your tentacles to constrict eight enemies at once.
Your skin changes colour to match your surroundings (Stealth+).
Your rubbery body absorbs attacks. (AC +1, EV +1)


Message History

Unknown command.
Unknown command.
The hobgoblin shouts!
You hear a shout!
Found a bread ration and 8 gold pieces.
An adder comes into view.
Unknown command.
Unknown command.
Unknown command.
Unknown command.
You see here a scroll labeled TYECIE ERIOH.
Unknown command.
As you read the scroll labeled TYECIE ERIOH, it crumbles to dust.
The scroll dissolves into smoke.
It was a scroll of fog.
Unknown command.
Unknown command.
As you read the scroll labeled NOESCHIYXEO, it crumbles to dust.
It is a scroll of identify.
e - a scroll of teleportation The hobgoblin hits you with a club.
You die...

**,,,,,,,,,,,,*#$# ***,,
*********,,*,,S.#**
*,,,, **,***#..,****,*#*
**,,* #.#,,,,,,K,,
******,,,* #.#*****.#*,
*,,,,,%..####.## *##.#**
*,.****#.......###...#
**...§#######l.K...#####
***#§§@gg§§§.K........#
#########r##.#......
#.##.#**###.
#.>#K######.
#..r...(....
#........w.#
#..........#
#..........w
#........).#


You could see 2 hobgoblins.

Vanquished Creatures
  An adder (D:2)
  3 bats
  A hobgoblin (D:2)
  A kobold (D:3)
6 creatures vanquished.

Notes
Turn   | Place    | Note
-------+----------+-------------------------------------------
     0 | D:1      | 4thArraOfDagon the Octopode Arcane Marksman began the quest for the Orb.
     0 | D:1      | Reached XP level 1. HP: 13/13 MP: 2/2
    23 | D:2      | Reached XP level 2. HP: 13/18 MP: 3/3
   143 | D:2      | Noticed a crimson imp
   174 | D:2      | Slain by a hobgoblin

Vault maps used:
D:1:      minmay_arrival_open_corners
D:2:      first_bread

Action                   || total
-------------------------++-------
Melee: Unarmed           ||    15
       Constrict         ||     7
       Tentacles         ||     2
Throw: Javelin           ||     3
  Use: Scroll            ||     4
 Stab: Sleeping          ||     3
Armor: Skin              ||     3
Dodge: Dodged            ||    23

Table legend:
 A = Spawn XP
 B = Non-spawn XP
 C = Spawn XP percentage of total XP
 D = Spawn monster count
 E = Non-spawn monster count
 F = Spawn count percentage of total count
 G = Total turns spent on level
                    A         B        C        D         E        F      G
               +---------+---------+-------+---------+---------+-------+---------
         Total |       0 |      21 |   0.0 |       0 |       6 |   0.0 |   174
               +---------+---------+-------+---------+---------+-------+---------
           D:2 |       0 |      17 |   0.0 |       0 |       3 |   0.0 |    78
           D:3 |       0 |       4 |   0.0 |       0 |       3 |   0.0 |    82
               +---------+---------+-------+---------+---------+-------+---------
